 Dungeon Crawl Stone Soup version 0.29.1-13-g9f3cf754e1 (webtiles) character file.

Game seed: 1642734078245254231

100 ghostp the Magician (level 4, -1/24 HPs)
             Began as a Deep Elf Earth Elementalist on Jan 23, 2023.
             Killed by divine providence
             ... invoked by an orc priest
              (16 damage)
             ... on level 3 of the Dungeon.
             The game lasted 00:43:22 (2399 turns).

ghostp the Magician (Deep Elf Earth Elementalist)   Turns: 2399, Time: 00:43:23

Health: -1/24      AC:  3    Str:  5    XL:     4   Next: 46%
Magic:  10/12      EV: 16    Int: 22    God:
Gold:   159        SH:  0    Dex: 15    Spells: 0/12 levels left

rFire   . . .      SeeInvis .   u - +2 dagger (speed)
rCold   . . .      Faith    .   (no shield)
rNeg    . . .      Spirit   .   a - +0 robe
rPois   .          Reflect  .   j - +0 helmet
rElec   .          Harm     .   (no cloak)
rCorr   +          Rampage  .   (no gloves)
Will    .....                   (no boots)
Stlth   ++........              (no amulet)
HPRegen 0.08/turn               m - +4 ring of evasion
MPRegen 0.13/turn               g - ring of resist corrosion

@: no status effects
A: no striking features
a: no special abilities


You were on level 3 of the Dungeon.
You visited 1 branch of the dungeon, and saw 3 of its levels.

You collected 159 gold pieces.

Inventory:

Hand Weapons
 r - a +2 dagger of venom
 u - a +2 dagger of speed (weapon)
 x - a +2 short sword of speed
Missiles
 h - 23 stones
 o - 3 poisoned darts
Armour
 a - a +0 robe (worn)
 j - a +0 helmet (worn)
 p - a +0 leather armour
Jewellery
 g - a ring of resist corrosion (right hand)
 i - a ring of wizardry
 m - a +4 ring of evasion (left hand)
Wands
 w - a wand of flame (15)
Scrolls
 c - a scroll of poison {unknown}
 d - 2 scrolls of teleportation
 q - a scroll of silence {unknown}
 s - a scroll of noise {unknown}
 v - a scroll of fear {unknown}
Potions
 b - a potion of magic
 e - 2 potions of brilliance
 f - 2 potions of curing
 k - a potion of mutation {unknown}
 l - a potion of ambrosia {unknown}
 n - 2 potions of berserk rage {unknown}
 t - a potion of resistance {unknown}


   Skills:
 - Level 2.5 Dodging
 - Level 2.6 Stealth
 + Level 4.7 Spellcasting
 * Level 0.6 Translocations
 - Level 1.1 Transmutations
 + Level 4.6 Earth Magic


You couldn't memorise any spells.
You knew the following spells:

 Your Spells              Type           Power      Damage    Failure   Level
a - Sandblast             Erth           50%        2d12      1%          1
b - Passwall              Tmut/Erth      14%        N/A       4%          2
c - Blink                 Tloc           14%        N/A       12%         2
d - Stone Arrow           Conj/Erth      30%        3d8       12%         3
e - Petrify               Tmut/Erth      17%        N/A       32%         4

Your spell library contained the following spells:

 Spells                   Type           Power      Damage    Failure   Level
 Poisonous Vapours        Pois/Air       10%        N/A       16%         2
 Lesser Beckoning         Tloc           7%         N/A       24%         3
 Corpse Rot               Necr/Pois/Air  5%         N/A       71%         4
 Manifold Assault         Tloc           7%         N/A       92%         5
 Fireball                 Conj/Fire      2%         3d4       96%         5
 Starburst                Conj/Fire      2%         6d3       100%        6
 Ignition                 Fire           2%         3d3       100%        8


Dungeon Overview and Level Annotations

Branches:
Dungeon (3/15)

Altars:
Gozag


Message History

The blast of sand hits the kobold!
You kill the kobold!
Things that are here:
a +0 flail; a +0 chain mail You start resting.
Magic restored.
You start resting.
HP restored.
Things that are here:
a +0 flail; a +0 chain mail
h - 23 stones (gained 2);
w - a wand of flame (15)
You now have 159 gold pieces (gained 12).
Items here: ))) [[.
x - a +2 short sword of speed The orc priest shouts!
The orc priest calls down the wrath of Beogh upon you.
Beogh smites you!
Casting: Sandblast (safe; 1% risk of failure)
Confirm with . or Enter, or press ? or * to list all spells.
Aiming: Sandblast (safe; 1% risk of failure)
Press: ? - help, Shift-Dir - straight line, f - orc priest
Aim: an orc priest, wielding a +0 mace and wearing a +0 leather armour (83% to hit)
The blast of sand hits the orc priest!
The orc priest is heavily wounded.
Casting: Sandblast (safe; 1% risk of failure)
Confirm with . or Enter, or press ? or * to list all spells.
Aiming: Sandblast (safe; 1% risk of failure)
Press: ? - help, Shift-Dir - straight line, f/p - orc priest
Aim: an orc priest, wielding a +0 mace and wearing a +0 leather armour (heavily wounded, 83% to hit)
The blast of sand hits the orc priest but does no damage.
The orc priest is heavily wounded.
The orc priest misses you. The orc priest completely misses you.
You hit the orc priest.
The orc priest is severely wounded.
You closely miss the orc priest.
The orc priest is severely wounded.
The orc priest mumbles some strange prayers to Beogh against you.
Beogh smites you!
Ouch! That really hurt!
You die...

...≈.≈..# ≈≈≈≈o≈..#
..J§...≈..# ≈≈§§≈≈≈≈..#
########
...§§.....#######......#
...§.......o...........#
....[.)##########.######
.......## ###o#
........# ####.@.# #.##
#....### #..###.####
##.....# ##...##
########).###
#....)......#
#..[..#####.# #.<..##
..#


You could see an orc priest.

Vanquished Creatures
  3 adders (D:2)
  2 worms (D:2)
  A dart slug (D:2)
  4 orcs (D:3)
  5 ball pythons
  3 bats
  An endoplasm (D:2)
  3 giant cockroaches
  4 goblins
  8 hobgoblins
  4 jackals (D:1)
  4 quokkas
  2 frilled lizards
  8 kobolds
  2 rats (D:1)
54 creatures vanquished.

Notes
Turn   | Place    | Note
-------+----------+-------------------------------------------
     0 | D:1      | ghostp the Deep Elf Earth Elementalist began the quest for
                  | the Orb.
     0 | D:1      | Reached XP level 1. HP: 10/10 MP: 6/6
   254 | D:1      | Reached XP level 2. HP: 15/15 MP: 6/8
   257 | D:1      | Learned a level 2 spell: Passwall
   260 | D:1      | Learned a level 2 spell: Blink
   640 | D:1      | Found a faded altar of an unknown god.
   720 | D:1      | Reached XP level 3. HP: 19/19 MP: 7/10
  1340 | D:2      | Reached XP level 4. HP: 24/24 MP: 9/12
  1359 | D:2      | Learned a level 3 spell: Stone Arrow
  1366 | D:2      | Learned a level 4 spell: Petrify
  2176 | D:3      | Found an opulent altar of Gozag.
  2399 | D:3      | Killed from afar by an orc priest

Illustrated notes

Levels and vault maps discovered:
D:1:      elethiomel_arrival_quiet, layout_basic,
          hellmonk_ecumenical_altar_leap_of_faith, serial_curves,
          eino_curves_03, eino_curves_03
D:2:      kennysheep_six_static_rooms, layout_basic, serial_corexii_hall,
          corexii_hall_statues_s, corexii_hall_statues_deadend, corexii_shack
D:3:      layout_rooms, mainiacjoe_overflow_concentric_impassable,
          lemuel_zombie_altar_yredelemnul, eino_curves_03,
          kennysheep_generic_room_7

Skill      XL: |  1  2  3 |
---------------+----------+-----
Earth Magic    | 4 |  4.6
Spellcasting   | 4 |  4.7
Dodging        | |  2.5
Stealth        | |  2.6
Translocations | |  0.6
Transmutations | |  1.1

Action                   |  1- 3 |  4- 6 || total
-------------------------+-------+-------++-------
Melee: Unarmed           |     2 |       ||     2
       Dagger            |       |     9 ||     9
 Cast: Sandblast         |    44 |    26 ||    70
       Passwall          |     1 |     1 ||     2
  Use: Scroll            |       |     3 ||     3
Armor: Robe              |     6 |       ||     6
Dodge: Dodged            |     1 |    12 ||    13
